 Dungeon Crawl Stone Soup version 0.31.0-12-g77e489cdc1 (webtiles) character file.

Game seed: 874546894748763050

23466 Doomgape the Tortoise (level 13, 0/72 HPs)
             Began as a Gargoyle Fighter on Feb 18, 2024.
             Was a Priest of Hepliaklqana.
             Engulfed by a ghost crab's spectral mist (14 damage)
             ... on level 3 of the Lair of Beasts.
             The game lasted 00:39:23 (11272 turns).

Doomgape the Tortoise (Gargoyle Fighter)           Turns: 11272, Time: 00:39:24

Health: 0/72       AC: 26    Str: 25    XL:     13   Next: 6%
Magic:  19/19      EV:  8    Int:  9    God:    Hepliaklqana [***...]
Gold:   1624       SH:  5    Dex:  9    Spells: 12/12 levels left

rFire   + . .        A - +0 morningstar (heavy)
rCold   . . .        c - +1 buckler
rNeg    + . .        v - +0 plate armour
rPois   ∞            (no helmet)
rElec   +            (no cloak)
rCorr   .            (no gloves)
SInv    +            (no boots)
Will    .....        p - amulet of regeneration Stlth
                     D - ring of see invisible
HPRegen 1.12/turn    F - ring of protection from fire
MPRegen 0.16/turn

%: no passive effects
@: frozen, very slow
A: reduced essence, sickness immunity, AC +9, negative energy resistance 1,
electricity resistance, torment resistance 1, petrification resistance,
persistent drain
a: Renounce Religion, Ancestor Life: Knight, Ancestor Life: Battlemage, Ancestor
Life: Hexer, Recall Ancestor, Ancestor Identity, Transference


You were on level 3 of the Lair of Beasts.
You worshipped Hepliaklqana.
Hepliaklqana was most pleased with you.
You visited 3 branches of the dungeon, and saw 15 of its levels.
You also visited: Sewer.

You collected 1676 gold pieces.
You spent 52 gold pieces at shops.

Inventory:

Hand Weapons
 u - a +2 flail of draining
 A - a +0 heavy morningstar (weapon)
Missiles
 d - 4 javelins (quivered)
Armour
 c - a +1 buckler (worn)
 v - a +0 plate armour (worn)
Jewellery
 f - an amulet of reflection
 p - an amulet of regeneration (around neck)
 t - a ring of fire
 y - an amulet of the acrobat
 D - a ring of see invisible (left hand)
 F - a ring of protection from fire (right hand)
Wands
 j - a wand of roots (6)
 l - a wand of quicksilver (4)
 n - a wand of paralysis (16)
 q - a wand of flame (47)
 C - a wand of mindburst (6)
Scrolls
 a - 2 scrolls of immolation
 g - 6 scrolls of identify
 h - a scroll of blinking
 i - 2 scrolls of enchant weapon
 k - a scroll of fear
 r - 4 scrolls of vulnerability
 w - a scroll of poison
 E - 2 scrolls of teleportation
Potions
 b - 3 potions of brilliance
 e - a potion of heal wounds
 m - 4 potions of enlightenment
 o - a potion of resistance
 s - a potion of attraction
 x - a potion of magic {unknown}
 z - a potion of cancellation {unknown}
 B - 2 potions of degeneration {unknown}
 G - a potion of mutation


   Skills:
 - Level 8.9 Fighting
 + Level 11.5 Maces & Flails
 - Level 16.1 Armour
 - Level 5.0 Shields
 + Level 9.2 Invocations
 + Level 7.7 Evocations


You had 12 spell levels left.
You didn't know any spells.
Your spell library contained the following spells:

 Spells                   Type           Power      Damage    Failure   Level
 Magic Dart               Conj           0%         1d3       97%         1
 Slow                     Hex            0%         N/A       97%         1
 Scorch                   Fire           0%         2d5       99%         2
 Searing Ray              Conj           0%         2d4       99%         2
 Confusing Touch          Hex            0%         N/A       100%        3
 Gell's Gravitas          Tloc           0%         N/A       100%        3
 Sigil of Binding         Hex            0%         N/A       100%        3
 Stone Arrow              Conj/Erth      0%         3d7       100%        3
 Summon Ice Beast         Ice/Summ       0%         N/A       100%        3
 Teleport Other           Tloc           0%         N/A       100%        3
 Vampiric Draining        Necr           0%         2d6       100%        3
 Flame Wave               Conj/Fire      0%         2d4       100%        4
 Fulminant Prism          Conj/Alch      0%         3d5       100%        4
 Summon Mana Viper        Hex/Summ       0%         N/A       100%        5
 Dispersal                Tloc           0%         N/A       100%        6
 Summon Cactus Giant      Summ           0%         N/A       100%        6
 Monstrous Menagerie      Summ           0%         N/A       100%        7
 Summon Hydra             Summ           0%         N/A       100%        7
 Shatter                  Erth           0%         3d5*      100%        9


Dungeon Overview and Level Annotations

Branches:
Dungeon (11/15)            Temple (1/1) D:7            Lair (3/5) D:11
  Swamp (0/4) Lair:3          Orc (0/2) D:9           Sewer (visited)
  Snake: Lair:2-3    Spider: Lair:2-3

Altars:
Ashenzari
Cheibriados
Dithmenos
Elyvilon
Fedhas
Gozag
Hepliaklqana
Kikubaaqudgha
Makhleb
Nemelex Xobeh
Okawaru
Qazlal
Ru
Sif Muna
Trog
Uskayaw
Vehumet
Wu Jian
Xom
Yredelemnul
Zin
The Shining One

Shops:
D:3 [   D:5 ?(   D:10 [   D:11 *

Annotations:
D:10 3 runed translucent doors, zxspectator's ghost, journeyman GrEE
D:11 3 runed translucent doors
Lair:2 2 transporters
Lair:3 2 transporters, zdzicho121's ghost, journeyman DsCj


Innate Abilities, Weirdness & Mutations

Your life essence is reduced to manifest your ancestor. (-10% HP)
You are immune to sickness and miasma.
Your stone body is resilient. (AC +9)
You are immune to poison.
You resist negative energy. (rN+)
You are resistant to electric shocks. (rElec)
You are resistant to unholy torment.
You are immune to petrification.
Your health recovers twice as slowly from being drained.


Message History

Unknown command.
You are engulfed in spectral mist.
Natasha Smith is engulfed in spectral mist.
Natasha Smith hits the spectral elephant.
The spectral elephant barely misses you.
The spectral elephant trunk-slaps you but does no damage.
Unknown command.
You swap places.
You are engulfed in spectral mist.
Natasha Smith is engulfed in spectral mist.
Natasha Smith is destroyed!
The spectral elephant tramples you but does no damage.
The spectral elephant trunk-slaps you but does no damage.
You are engulfed in spectral mist.
The spectral cane toad attacks as it pursues you!
The spectral cane toad barely misses you.
The spectral cane toad attacks as it pursues you!
The spectral cane toad hits you! The spectral cane toad hits you.
* * * LOW HITPOINT WARNING * * *
Unknown command.
Blink to where?
Press: ? - help, Dir - move target
As you read the scroll of blinking, it crumbles to dust.
The spectral elephant fades away!
A rime drake comes into view.
Found a scroll labelled PYGGEOF UZURIW.
Found 7 stones.
You are too injured to fight recklessly!
The rime drake breathes ice at you. The icy flash freeze hits you!!
* * * LOW HITPOINT WARNING * * *
You are encased in ice.
Unknown command.
The ghost crab breathes spectral mist at you.
The spectral mist engulfs you.
The rime drake is engulfed in spectral mist.
The rime drake bites you but does no damage.
You barely miss the rime drake.
The rime drake is moderately wounded.
You are engulfed in spectral mist.
You die...

............♣♣♣♣☼°☼.♣♣♣♣
#............♣♣♣♣♣♣♣♣
##............## #
.##..#.....t...###### .#
#.#..##.#...§>....#...#
#F#©..###....§.....#..#
#Y#....##.....○........#
F##...<†#......Z☼k.#...#
##..#.††#......☼@○..#(.
#...##........§§○§○.....
...####.................
... ......P#.........#..
..P#...P...#............
........................
........................
........................
....................?..


You could see a ghost crab, a spectral blink frog (summoned) and a rime drake
(catching breath).

Vanquished Creatures
  A hydra (Lair:2)
  A boulder beetle (D:11)
  A spectral death yak (Lair:3)
  Lodul (D:11)
  Pikel (D:4)
  A spectral hydra (Lair:3)
  The ghost of nitefall the Cudgeller, a novice MiBe of Trog (D:6)
  A manticore (D:10)
  A spectral boulder beetle (Lair:3)
  2 black mambas (Lair:2)
  Joseph (D:9)
  A cane toad (Lair:1)
  3 kobold demonologists
  5 komodo dragons
  Grinder (D:4)
  3 trolls
  3 dream sheep (Lair:1)
  A wyvern (D:11)
  38 yaks
  2 vampire mosquitoes (D:11)
  A spectral cane toad (Lair:3)
  2 acid dragons
  2 water moccasins (Lair:2)
  6 orc warriors
  A spectral blink frog (Lair:3)
  A sky beast (D:6)
  3 black bears
  7 ogres
  7 centaurs
  A phantom (D:6)
  Blork the orc (D:5)
  11 kobold brigands
  8 bullfrogs
  4 wights (D:7)
  4 killer bees (D:9)
  A howler monkey (D:9)
  A bullfrog zombie (D:6)
  A centaur zombie (D:6)
  A jelly (D:6)
  3 bombardier beetles
  4 hounds
  6 orc priests
  3 iguanas
  Ijyb (D:4)
  8 orc wizards
  A sleepcap (D:4)
  12 gnolls
  A river rat (D:3)
  7 adders
  A shadow imp (D:6)
  4 white imps
  2 ufetubi (D:6)
  3 ribbon worms
  29 orcs
  9 endoplasms
  2 giant cockroaches
  4 goblins
  4 hobgoblins
  12 jackals
  38 kobolds
  A quokka (D:2)
  3 ball pythons
  4 bats
  6 frilled lizards
  10 rats
310 creatures vanquished.

Vanquished Creatures (collateral kills)
  An ugly thing (D:10)
  A torpor snail (Lair:1)
  An unseen horror (D:11)
  A spectral elephant (Lair:3)
  5 yaks
  A basilisk (Lair:2)
  A vampire mosquito (D:11)
  2 water moccasins
  A kobold brigand (D:10)
  4 bullfrogs
  2 killer bees (D:9)
  An orc priest (D:11)
  3 orc wizards
  6 orcs
30 creatures vanquished.

Vanquished Creatures (others)
  14 ancestors
  An orc wizard (D:8)
  A kobold (Sewer)
16 creatures vanquished.

Grand Total: 356 creatures vanquished

Notes
Turn   | Place    | Note
-------+----------+-------------------------------------------
     0 | D:1      | Doomgape the Gargoyle Fighter began the quest for the Orb.
     0 | D:1      | Reached XP level 1. HP: 14/14 MP: 1/1
    49 | D:1      | Reached XP level 2. HP: 8/19 MP: 2/2
   528 | D:2      | Reached XP level 3. HP: 13/24 MP: 3/3
   729 | D:2      | Found a faded altar of an unknown god.
  1208 | D:3      | Found Mep Gell's Armour Shoppe.
  1287 | D:3      | Found a sparkling altar of Nemelex Xobeh.
  1381 | D:3      | Found a glowing drain.
  1390 | D:3      | Reached XP level 4. HP: 11/29 MP: 4/4
  1461 | Sewer    | Entered a sewer
  1504 | Sewer    | Noticed a kobold brigand
  1507 | Sewer    | Noticed a kobold brigand
  1522 | Sewer    | Killed a kobold brigand
  1523 | Sewer    | Reached skill level 4 in Armour
  1535 | Sewer    | Killed a kobold brigand
  1536 | Sewer    | Reached XP level 5. HP: 20/33 MP: 5/5
  1606 | Sewer    | Found a white marble altar of Elyvilon.
  2003 | D:4      | Noticed Grinder
  2032 | D:4      | Paralysed by Grinder for 2 turns
  2037 | D:4      | Paralysed by Grinder for 4 turns
  2050 | D:4      | Paralysed by Grinder for 4 turns
  2055 | D:4      | Killed Grinder
  2056 | D:4      | Reached skill level 5 in Shields
  2056 | D:4      | Reached XP level 6. HP: 16/40 MP: 6/6
  2167 | D:3      | Reached skill level 5 in Armour
  2312 | D:4      | Noticed Ijyb
  2332 | D:4      | Killed Ijyb
  2333 | D:4      | Reached skill level 5 in Fighting
  2333 | D:4      | Reached XP level 7. HP: 43/44 MP: 7/7
  2454 | D:4      | Noticed Pikel
  2476 | D:4      | Killed Pikel
  2477 | D:4      | Reached skill level 5 in Maces & Flails
  2477 | D:4      | Reached skill level 6 in Armour
  2477 | D:4      | Reached XP level 8. HP: 23/51 MP: 8/8
  2977 | D:4      | Found an ornate altar of the Wu Jian Council.
  3380 | D:5      | Entered Level 5 of the Dungeon
  3524 | D:5      | Found Kued's Antique Weapon Emporium.
  3585 | D:5      | Found Weaguid's Magic Scroll Shoppe.
  3596 | D:5      | Bought a scroll of identify for 26 gold pieces
  3596 | D:5      | Bought a scroll of identify for 26 gold pieces
  3598 | D:5      | Identified 3 scrolls of acquirement
  3601 | D:5      | Acquired a manual of Armour
  3605 | D:5      | Acquired an amulet of regeneration
  3619 | D:5      | Acquired 572 gold pieces
  3735 | D:5      | Noticed Blork the orc
  3743 | D:5      | Killed Blork the orc
  4072 | D:5      | Reached skill level 7 in Armour
  4228 | D:5      | Found a glowing golden altar of the Shining One.
  4228 | D:5      | Found a white marble altar of Elyvilon.
  4229 | D:5      | Found a glowing silver altar of Zin.
  4535 | D:6      | Found a runed translucent door.
  4538 | D:6      | Noticed nitefall's ghost (novice MiBe)
  4553 | D:6      | Identified the +0 chain mail of the Armoured One {rCorr}
  4610 | D:6      | Killed nitefall's ghost
  4611 | D:6      | Reached skill level 9 in Armour
  4611 | D:6      | Reached XP level 9. HP: 50/58 MP: 9/9
  4851 | D:6      | Reached skill level 10 in Armour
  5040 | D:6      | Found a basalt altar of Yredelemnul.
  5177 | D:7      | Found a staircase to the Ecumenical Temple.
  5192 | Temple   | Entered the Ecumenical Temple
  5197 | Temple   | Became a worshipper of Hepliaklqana the Forgotten
  5311 | D:7      | Reached skill level 11 in Armour
  5850 | D:8      | Reached skill level 12 in Armour
  5929 | D:8      | Noticed a kobold demonologist
  5959 | D:8      | Noticed a sixfirhy
  5965 | D:8      | Reached XP level 10. HP: 57/65 MP: 10/10
  5978 | D:8      | Noticed a soul eater
  5986 | D:8      | Gained mutation: Your health recovers twice as slowly from
                  | being drained. [a neqoxec]
  5991 | D:8      | Killed a kobold demonologist
  6001 | D:8      | Reached skill level 13 in Armour
  6124 | D:8      | Noticed a centaur warrior
  6126 | D:8      | Noticed a two-headed ogre
  6129 | D:8      | Noticed a two-headed ogre
  6130 | D:8      | Noticed a manticore
  6132 | D:8      | Reached * piety under Hepliaklqana
  6458 | D:8      | You fall into a shaft and drop 2 floors!
  6458 | D:10     | Entered Level 10 of the Dungeon
  6533 | D:9      | Noticed Joseph
  6565 | D:9      | Reached skill level 1 in Invocations
  6574 | D:9      | Reached skill level 1 in Evocations
  6624 | D:9      | Killed Joseph
  6625 | D:9      | Reached skill level 14 in Armour
  6765 | D:9      | Found a staircase to the Orcish Mines.
  6779 | D:9      | Identified the +1 robe "Zuf Ohud" {*Slow rN++}
  6964 | D:9      | Reached XP level 11. HP: 62/62 MP: 13/13
  6970 | D:9      | Reached skill level 15 in Armour
  7124 | D:9      | Identified the +10 rapier of Wioreh {drain, rF+ Will- SInv}
  7369 | D:9      | Found a snail-covered altar of Cheibriados.
  7677 | D:10     | Found a runed translucent gate.
  7678 | D:10     | Found a runed translucent gate.
  7678 | D:10     | Found an opulent altar of Gozag.
  7678 | D:10     | Found a runed translucent gate.
  7680 | D:10     | Noticed a manticore
  7680 | D:10     | Noticed zxspectator's ghost (journeyman GrEE)
  7728 | D:10     | Noticed a red ugly thing
  7740 | D:10     | Killed a red ugly thing
  8087 | D:10     | Found Ocuntas's Armour Emporium.
  8099 | D:10     | Found a shimmering altar of Xom.
  8332 | D:10     | Noticed a manticore
  8370 | D:10     | Killed a manticore
  8400 | D:10     | Reached ** piety under Hepliaklqana
  8420 | D:10     | Found a radiant altar of Vehumet.
  8445 | D:10     | Found a blossoming altar of Fedhas.
  8456 | D:10     | Found a bloodstained altar of Trog.
  8596 | D:11     | Noticed Lodul
  8988 | D:11     | Reached skill level 5 in Invocations
  9013 | D:11     | Reached skill level 16 in Armour
  9042 | D:11     | Found Gaekuoh's Overcharged Wands.
  9115 | D:11     | Noticed a boulder beetle
  9182 | D:11     | Killed a boulder beetle
  9183 | D:11     | Reached skill level 5 in Evocations
  9251 | D:11     | Found a staircase to the Lair.
  9268 | D:11     | Reached XP level 12. HP: 67/67 MP: 16/16
  9279 | D:11     | Found a runed translucent gate.
  9280 | D:11     | Found a runed translucent gate.
  9281 | D:11     | Found a runed translucent gate.
  9425 | D:11     | Killed Lodul
  9426 | D:11     | Reached skill level 10 in Maces & Flails
  9521 | Lair:1   | Entered Level 1 of the Lair of Beasts
  9794 | Lair:1   | Found an ornate altar of the Wu Jian Council.
  9838 | Lair:1   | Reached *** piety under Hepliaklqana
 10423 | Lair:2   | Found a transporter.
 10521 | Lair:2   | Found a transporter.
 10765 | Lair:2   | Noticed a six-headed hydra
 10776 | Lair:2   | Killed a six-headed hydra
 11084 | Lair:3   | Found a transporter.
 11091 | Lair:3   | Noticed a six-headed hydra
 11093 | Lair:3   | Noticed a death yak
 11098 | Lair:3   | Noticed zdzicho121's ghost (journeyman DsCj)
 11099 | Lair:3   | Noticed an eight-headed hydra
 11107 | Lair:3   | Found a transporter.
 11215 | Lair:3   | Got Texte's Spellbook of the Xenolith and the Flock
 11237 | Lair:3   | Reached XP level 13. HP: 40/72 MP: 19/19
 11255 | Lair:3   | Found a staircase to the Swamp.
 11272 | Lair:3   | Engulfed by a ghost crab's spectral mist

Illustrated notes

Levels and vault maps discovered:
D:1:      shiori_arrival_oz, layout_rooms
D:2:      layout_basic, ebering_ecumenical_altar_abandoned
D:3:      layout_rooms, nemelex_dance_club_becter, portal_sewer_entry_b,
          serial_shops, nicolae_shop_tiny_glass, minmay_misc_feat_four_crosses
D:4:      layout_gridville, kennysheep_mini_moat, kennysheep_another_room,
          uniq_ijyb, uniq_grinder, uniq_pikel
D:5:      layout_loops_ring, good_gods_mini_temple, serial_shops,
          nicolae_shop_statue_plus, shop, chequers_serial_rivers_small_a,
          roderic_roman_lattice, kennysheep_generic_room_6, uniq_blork_the_orc
D:6:      layout_loops_ring, lemuel_zombie_altar_yredelemnul,
          ebering_ghost_sewer_d
D:7:      layout_loops_ring, minmay_temple_entry_large_hall
D:8:      layout_basic, onia_ninara_dug_in_and_dangerous
D:9:      layout_small_grid, amcnicky_altar_gilded, orc_david_3, uniq_joseph
D:10:     layout_roguey, nicolae_overflow_quartered_altars, serial_shops, shop,
          ebering_ghost_gozag, serial_co_window_serial, co_window_paths_a,
          co_window_paths_a, co_window_paths_b, co_window_corner_a,
          co_window_of_opportunity_a, co_window_corner_b, co_window_corner_b,
          co_window_of_opportunity_b, co_window_paths_c, co_window_broadway_a,
          co_window_cross_3, co_window_cross_2, kennysheep_cross_bottleneck
D:11:     layout_roguey, david_lair_shrubbed,
          ploomutoo_gammafunk_ghost_potion_laboratory,
          nicolae_shop_overcharged_wands, uniq_lodul
Temple:   minmay_freezing_vapour_temple
Lair:1:   layout_chaotic_city, basic_altar, minmay_stone_trees_medium,
          chequers_serial_rivers_small_a, minmay_holes,
          hangedman_lair_unloving_vines
Lair:2:   gammafunk_cloud_chamber, layout_loops_ring, grunt_megastairs_3
Lair:3:   layout_hall_layers, nicolae_swamp_entry_spooky,
          nicolae_spider_entry_lesser_pyramids, nicolae_volcano_entry_s_turn,
          nzn_ghost_randoct

Skill      XL: |  1  2  3  4  5  6  7  8  9 10 11 12 |
---------------+-------------------------------------+-----
Shields        | 4 5 |  5.0
Fighting       | 4 5 6 7 8 |  8.9
Armour         | 4 5 6 9 12 14 16 | 16.1
Maces & Flails | 3 5 6 7 8 9 11 | 11.5
Invocations    | 3 6 9 |  9.2
Evocations     | 3 5 7 |  7.7

Action                     |  1- 3 |  4- 6 |  7- 9 | 10-12 | 13-15 || total
---------------------------+-------+-------+-------+-------+-------++-------
  Melee: Flail             |   125 |   127 |   471 |   358 |       ||  1081
         Morningstar       |       |       |       |   259 |    15 ||   274
 Invoke: Recall Ancestor   |       |       |       |     1 |       ||     1
         Ancestor Identity |       |       |       |     1 |       ||     1
  Evoke: Wand              |       |       |     1 |     5 |       ||     6
    Use: Scroll            |     2 |       |    15 |     6 |     1 ||    24
         Potion            |       |     2 |     4 |     3 |       ||     9
   Stab: Distracted        |       |       |       |     4 |       ||     4
         Paralysed         |       |       |       |     3 |       ||     3
 Armour: Scale mail        |    77 |    83 |   143 |       |       ||   303
         Chain mail        |       |       |   163 |       |       ||   163
         Plate armour      |       |       |   105 |   809 |    25 ||   939
  Dodge: Dodged            |    53 |    42 |   199 |   273 |     8 ||   575
  Block: Buckler           |    45 |    72 |   151 |   189 |     2 ||   459
         Reflection        |     1 |     3 |       |       |       ||     4
